 Dungeon Crawl Stone Soup version 0.21-a0-641-geef9d7f (webtiles) character file.

44450 Spazmo the Thaumaturge (level 13, -7/70 HPs)
             Began as a Deep Elf Fire Elementalist on Dec 30, 2017.
             Was a High Priest of Vehumet.
             Mangled by a dire elephant (8 damage)
             ... on level 6 of the Lair of Beasts.
             The game lasted 01:05:23 (18539 turns).

Spazmo the Thaumaturge (DEFE)                      Turns: 18539, Time: 01:05:24

Health: -7/70      AC:  9    Str:  5    XL:     13   Next: 96%
Magic:  4/33       EV: 19    Int: 32    God:    Vehumet [*****.]
Gold:   1172       SH:  5    Dex: 15    Spells: 16/40 levels left

rFire    + . .     SeeInvis .   J - staff of conjuration
rCold    . . .     Gourm    .   z - +0 buckler
rNeg     + . .     Faith    .   H - +1 robe {rF+}
rPois    .         Spirit   .   e - +0 helmet
rElec    .         Reflect  .   D - +0 cloak
rCorr    .         Harm     .   (no gloves)
MR       .....                  I - +2 pair of boots {Stlth+}
Stlth    +++.......             T - amulet of regeneration
HPRegen  0.21/turn              O - ring of positive energy
MPRegen  0.23/turn              l - +6 ring of intelligence

@: vulnerable
A: hooves 1, rugged brown scales 1, frail 1
a: Renounce Religion


You were on level 6 of the Lair of Beasts.
You worshipped Vehumet.
Vehumet was extremely pleased with you.
You were not hungry.

You visited 3 branches of the dungeon, and saw 18 of its levels.

You collected 1408 gold pieces.
You spent 236 gold pieces at shops.

Inventory:

Hand Weapons
 a - the +6 falchion "Zualut" {speed, Dex+3}
   (You found it on level 8 of the Dungeon)

   Attacks with this weapon are significantly faster.
   It affects your dexterity (+3).
Missiles
 h - 549 stones (quivered)
Armour
 e - a +0 helmet (worn)
 z - a +0 buckler (worn)
 D - a +0 cloak (worn)
 H - a +1 robe of fire resistance (worn)
 I - a +2 pair of boots of stealth (worn)
Magical Staves
 J - an uncursed staff of conjuration (weapon)
Jewellery
 l - a +6 ring of intelligence (right hand)
 m - an uncursed ring of see invisible
 G - an uncursed ring of ice
 O - a ring of positive energy (left hand)
 T - an amulet of regeneration (around neck)
Wands
 k - a wand of enslavement (12)
 r - a wand of polymorph (18)
 t - a wand of clouds (4)
 w - a wand of flame (59)
 y - a wand of disintegration (19)
 A - a wand of digging (50)
 E - a wand of iceblast (16)
Scrolls
 f - 4 scrolls of enchant armour
 g - 4 scrolls of teleportation
 j - 2 scrolls of blinking
 n - 6 scrolls of remove curse
 u - 7 scrolls of identify
 S - a scroll of fog {unknown}
Potions
 d - 3 potions of flight
 i - 3 potions of agility
 o - a potion of resistance
 p - 3 potions of brilliance
 q - a potion of cancellation
 s - a potion of magic
 v - 3 potions of ambrosia
 x - 5 potions of curing
 K - 2 potions of haste
Books
 b - a book of Flames

   Spells                             Type                      Level
   a - Flame Tongue                   Conjuration/Fire             1
   b - Throw Flame                    Conjuration/Fire             2
   c - Conjure Flame                  Conjuration/Fire             3
   d - Inner Flame                    Hexes/Fire                   3
   e - Sticky Flame                   Conjuration/Fire             4
   f - Fireball                       Conjuration/Fire             5
 B - a book of Maledictions

   Spells                             Type                      Level
   a - Corona                         Hexes                        1
   b - Ensorcelled Hibernation        Hexes/Ice                    2
   c - Confuse                        Hexes                        3
   d - Tukima's Dance                 Hexes                        3
   e - Dazzling Spray                 Conjuration/Hexes            3
 C - a book of Cantrips

   Spells                             Type                      Level
   a - Confusing Touch                Hexes                        1
   b - Animate Skeleton               Necromancy                   1
   c - Summon Small Mammal            Summoning                    1
   d - Apportation                    Translocation                1
 F - a book of Callings

   Spells                             Type                      Level
   a - Summon Small Mammal            Summoning                    1
   b - Call Imp                       Summoning                    2
   c - Call Canine Familiar           Summoning                    3
   d - Summon Guardian Golem          Hexes/Summoning              3
   e - Summon Lightning Spire         Summoning/Air                4
   f - Summon Ice Beast               Ice/Summoning                4
 L - a book of Misfortune

   Spells                             Type                      Level
   a - Confusing Touch                Hexes                        1
   b - Confuse                        Hexes                        3
   c - Gell's Gravitas                Translocation                3
   d - Petrify                        Transmutation/Earth          4
   e - Metabolic Englaciation         Hexes/Ice                    5
   f - Yara's Violent Unravelling     Hexes/Transmutation          5
 N - a book of Changes

   Spells                             Type                      Level
   a - Beastly Appendage              Transmutation                1
   b - Sticks to Snakes               Transmutation                2
   c - Spider Form                    Transmutation/Poison         3
   d - Ice Form                       Ice/Transmutation            4
   e - Blade Hands                    Transmutation                5
 P - Spellweaving, Part Four
   (You found it on level 6 of the Lair of Beasts)

   Spells                             Type                      Level
   a - Airstrike                      Air                          4
   b - Fulminant Prism                Conjuration/Hexes            4
   c - Sticky Flame                   Conjuration/Fire             4
   d - Cause Fear                     Hexes                        4
   e - Summon Ice Beast               Ice/Summoning                4
   f - Olgreb's Toxic Radiance        Poison                       4
Miscellaneous
 M - a crystal ball of energy
Comestibles
 c - 36 rations
 Q - 7 chunks of flesh


   Skills:
 - Level 6.6 Fighting
 - Level 10.0 Dodging
 - Level 3.0 Stealth
 - Level 4.0 Shields
 - Level 14.1 Spellcasting
 + Level 12.0 Conjurations
 + Level 12.5 Fire Magic
 - Level 10.0 Earth Magic


You had 16 spell levels left.
You knew the following spells:

 Your Spells              Type           Power        Failure   Level  Hunger
a - Flame Tongue          Conj/Fire      #####        0%          1    None
b - Throw Flame           Conj/Fire      ######       0%          2    None
c - Conjure Flame         Conj/Fire      ########     1%          3    None
d - Sticky Flame          Conj/Fire      ########     1%          4    None
e - Fireball              Conj/Fire      ########..   1%          5    None
f - Bolt of Fire          Conj/Fire      ########..   1%          6    ###....
g - Stone Arrow           Conj/Erth      ######       1%          3    None


Dungeon Overview and Level Annotations

Branches:
Dungeon (11/15)            Temple (1/1) D:7            Lair (6/6) D:9
  Swamp (0/4) Lair:2       Spider (0/4) Lair:4          Orc (0/2) D:11
  Slime: Lair:5-6

Altars:
Cheibriados
Fedhas
Hepliaklqana
Makhleb
Qazlal
Ru
Sif Muna
Vehumet
Wu Jian
Xom
Yredelemnul

Shops:
D:10 }   D:11 *(

Annotations:
Lair:3 exclusion: oklob plant


Innate Abilities, Weirdness & Mutations

You have large cloven feet.
You are partially covered in rugged brown scales. (AC +1, +3% HP)
You are frail. (-10% HP)


Message History

The dire elephant is heavily wounded.
The dire elephant tramples you.
You stumble backwards!
Casting: Bolt of Fire
Confirm with . or Enter, or press ? or * to list all spells.
Aiming: Sticky Flame
Press: ? - help, Shift-Dir - straight line, f/p - dire elephant
Aim: a dire elephant (heavily wounded)
You feel a surge of power!
The sticky flame hits the dire elephant.
The dire elephant is heavily wounded.
The dire elephant is covered in liquid flames!
The dire elephant burns!
The dire elephant misses you. The dire elephant trunk-slaps you!
The dire elephant burns!
The dire elephant misses you. The dire elephant closely misses you.
The dire elephant burns!
The dire elephant burns!
The dire elephant tramples you!!
* * * LOW HITPOINT WARNING * * *
You hold your ground!
The dire elephant trunk-slaps you!
You die...

# #.##..†..#
.##.#......#
##.#.#......#
#..#÷##....##
#..#.#######
##P.#.8###).## ####
##...'..8#....#
.#.####.#..'.⌠.#.Y..#
....P#P....'..8#@...#
...........#.8##..†.#
...........#.####'÷##
...........#.##.≈≈≈##
...........#.#.≈≈≈≈≈#
...........#.#≈≈≈≈≈≈#
........#..#.##≈≈≈..#
........P..#..#≈..÷##
...........##.####'##


You could see a dire elephant (burning).

Vanquished Creatures
  Gastronok (D:11)
  2 dire elephants (Lair:6)
  The ghost of Spazmo the Destroyer, a journeyman DEFE of Sif Muna (Lair:5)
  Snorg (Lair:3)
  Fannar (Lair:1)
  9 hydras
  An anaconda (Lair:6)
  A two-headed ogre (D:10)
  5 death yaks (Lair:6)
  Pikel (D:6)
  4 elephants (Lair:6)
  2 ugly things (D:11)
  2 black mambas
  A centaur skeleton (D:10)
  The ghost of RedSky the Pure, a novice DsAK of Lugonu (D:5)
  11 spiny frogs
  A tengu conjurer (D:11)
  7 komodo dragons
  4 rime drakes
  A hornet (D:8)
  9 hippogriffs
  9 blink frogs
  Sigmund (D:3)
  20 yaks
  2 wyverns
  A basilisk (Lair:4)
  6 hungry ghosts
  Eustachio (D:6)
  Menkaure (D:6)
  10 water moccasins
  An acid dragon (D:11)
  9 porcupines
  Duvessa (D:6)
  4 orc warriors
  2 black bears
  A swamp drake (D:11)
  4 sky beasts
  13 ogres
  A phantom (D:7)
  A necrophage (D:9)
  5 centaurs
  4 wolves (Lair:2)
  9 crocodiles
  3 big kobolds
  7 bullfrogs
  Dowan (D:6)
  4 scorpions
  A wyvern skeleton (D:11)
  16 killer bees
  6 wights
  2 electric eels (Lair:1)
  2 howler monkeys
  4 crimson imps
  2 centaur zombies
  A quasit (D:7)
  5 bullfrog skeletons
  12 orc priests
  3 hounds
  2 jellies (D:11)
  14 orc wizards
  Ijyb (D:3)
  Jessica (D:3)
  Natasha (thrice) (D:4)
  4 iguanas
  15 worker ants
  A hound zombie (D:7)
  A worker ant zombie (D:9)
  Robin (D:3)
  7 gnolls
  A howler monkey skeleton (D:10)
  20 adders
  4 shadow imps
  An ooze (D:1)
  An adder skeleton (D:6)
  3 worms (D:3)
  A dart slug (D:3)
  5 leopard geckos
  57 orcs
  5 giant cockroaches
  9 goblins
  8 hobgoblins
  17 jackals
  4 quokkas
  2 ball pythons (D:6)
  10 bats
  10 frilled lizards
  2 jackal skeletons
  26 kobolds
  A leopard gecko zombie (D:7)
  7 rats
  3 plants
488 creatures vanquished.

Vanquished Creatures (others)
  2 slaves (D:6)
  A hound (D:6)
  6 fungi
  11 plants
20 creatures vanquished.

Grand Total: 508 creatures vanquished

Notes
Turn   | Place    | Note
-------+----------+-------------------------------------------
     0 | D:1      | Spazmo the Deep Elf Fire Elementalist began the quest for the Orb.
     0 | D:1      | Reached XP level 1. HP: 10/10 MP: 6/6
   120 | D:1      | Reached XP level 2. HP: 15/15 MP: 0/8
   124 | D:1      | Learned a level 2 spell: Throw Flame
   677 | D:1      | Reached XP level 3. HP: 19/19 MP: 2/9
   684 | D:1      | Learned a level 3 spell: Conjure Flame
  1175 | D:2      | Noticed an ogre
  1312 | D:2      | Killed an ogre
  1312 | D:2      | Reached skill level 4 in Spellcasting
  1312 | D:2      | Reached XP level 4. HP: 24/24 MP: 2/12
  1312 | D:2      | Reached XP level 5. HP: 28/28 MP: 2/13
  1659 | D:2      | Found a blossoming altar of Fedhas.
  1666 | D:2      | Found a stormy altar of Qazlal.
  1666 | D:2      | Found a basalt altar of Yredelemnul.
  1689 | D:2      | Found a hazy altar of Hepliaklqana.
  1691 | D:2      | Found a sacrificial altar of Ru.
  1709 | D:3      | Noticed Sigmund
  1714 | D:3      | Gained mutation: You are occasionally teleported next to monsters. [potion of mutation]
  1714 | D:3      | Gained mutation: Your mind is acute. (Int +2) [potion of mutation]
  1718 | D:3      | Killed Sigmund
  1718 | D:3      | Reached skill level 5 in Spellcasting
  1718 | D:3      | Reached skill level 5 in Fire Magic
  1718 | D:3      | Reached XP level 6. HP: 19/32 MP: 11/16
  1761 | D:3      | Noticed Jessica
  1764 | D:3      | Killed Jessica
  1797 | D:3      | Noticed Ijyb
  1849 | D:3      | Killed Ijyb
  2273 | D:3      | Reached skill level 6 in Spellcasting
  2631 | D:3      | Noticed Robin
  2635 | D:3      | Reached XP level 7. HP: 36/36 MP: 13/18
  2643 | D:3      | Killed Robin
  2655 | D:3      | Learned a level 4 spell: Sticky Flame
  2661 | D:3      | Learned a level 5 spell: Fireball
  3133 | D:4      | Noticed Natasha
  3139 | D:4      | Killed Natasha
  3234 | D:4      | Reached skill level 5 in Conjurations
  3269 | D:4      | Found a burning altar of Makhleb.
  3269 | D:4      | Found a shimmering altar of Xom.
  3461 | D:4      | Reached skill level 7 in Spellcasting
  3466 | D:4      | Noticed Natasha
  3471 | D:4      | Killed Natasha
  3652 | D:4      | Noticed Natasha
  3655 | D:4      | Killed Natasha
  3667 | D:4      | Reached XP level 8. HP: 37/41 MP: 12/21
  3768 | D:4      | Found a transporter.
  3788 | D:4      | Found a transporter.
  3916 | D:4      | Found an ornate altar of the Wu Jian Council.
  4091 | D:5      | Entered Level 5 of the Dungeon
  4196 | D:5      | Reached skill level 8 in Spellcasting
  4228 | D:5      | Noticed RedSky's ghost (novice DsAK)
  4794 | D:5      | Killed RedSky's ghost
  4794 | D:5      | Reached skill level 9 in Spellcasting
  5308 | D:6      | Reached XP level 9. HP: 45/45 MP: 15/24
  5578 | D:6      | Noticed Pikel
  5584 | D:6      | Killed Pikel
  5749 | D:6      | Reached skill level 10 in Spellcasting
  5790 | D:6      | Noticed Menkaure
  5794 | D:6      | Killed Menkaure
  5936 | D:6      | Found a deep blue altar of Sif Muna.
  5956 | D:6      | Noticed Dowan
  5959 | D:6      | Noticed Duvessa
  5963 | D:6      | Killed Duvessa
  5969 | D:6      | Killed Dowan
  6077 | D:6      | Noticed Eustachio
  6086 | D:6      | Killed Eustachio
  6787 | D:7      | Found a snail-covered altar of Cheibriados.
  6899 | D:7      | Found a staircase to the Ecumenical Temple.
  6905 | Temple   | Entered the Ecumenical Temple
  6936 | Temple   | Became a worshipper of Vehumet
  6977 | D:7      | Reached skill level 11 in Spellcasting
  7026 | D:7      | Reached XP level 10. HP: 50/50 MP: 19/27
  7687 | D:8      | Reached skill level 10 in Fire Magic
  7811 | D:8      | Paralysed by a hornet for 3 turns
  7990 | D:8      | Got an iridescent falchion
  7991 | D:8      | Identified the +6 falchion "Zualut" {speed, Dex+3} (You found it on level 8 of the Dungeon)
  8049 | D:8      | Reached skill level 10 in Conjurations
  8049 | D:8      | Reached * piety under Vehumet
  8049 | D:8      | Offered knowledge of Sting by Vehumet.
  8451 | D:9      | Reached skill level 1 in Fighting
  8771 | D:9      | Reached skill level 5 in Dodging
  9050 | D:9      | Found a staircase to the Lair.
  9254 | D:10     | Entered Level 10 of the Dungeon
  9404 | D:10     | Reached ** piety under Vehumet
  9486 | D:10     | Offered knowledge of Searing Ray by Vehumet.
  9498 | D:10     | Noticed a two-headed ogre
  9508 | D:10     | Killed a two-headed ogre
  9606 | D:10     | Found Woucoop's Gadget Shoppe.
  9791 | D:10     | Reached XP level 11. HP: 61/61 MP: 14/28
 10265 | D:11     | Noticed a green ugly thing
 10280 | D:11     | Killed a green ugly thing
 10332 | D:11     | Offered knowledge of Ignite Poison by Vehumet.
 10437 | D:11     | Reached *** piety under Vehumet
 10442 | D:11     | Noticed a five-headed hydra
 10455 | D:11     | Killed a five-headed hydra
 10455 | D:11     | Reached skill level 5 in Fighting
 10651 | D:11     | Found Forheg's Weapon Emporium.
 10652 | D:11     | Noticed a seven-headed hydra
 10660 | D:11     | Killed a seven-headed hydra
 10842 | D:11     | Found Vibriada's General Store.
 10850 | D:11     | Bought a +2 pair of boots of stealth for 236 gold pieces
 10883 | D:11     | Noticed Gastronok
 10894 | D:11     | Offered knowledge of Stone Arrow by Vehumet.
 10915 | D:11     | Killed Gastronok
 10915 | D:11     | Reached skill level 10 in Dodging
 10920 | D:11     | Learned a level 3 spell: Stone Arrow
 10974 | D:11     | Reached skill level 1 in Earth Magic
 11665 | D:11     | Noticed a green ugly thing
 11672 | D:11     | Killed a green ugly thing
 11673 | D:11     | Reached **** piety under Vehumet
 11676 | D:11     | Reached skill level 1 in Shields
 11807 | D:11     | Found a staircase to the Orcish Mines.
 11819 | D:11     | Offered knowledge of Venom Bolt by Vehumet.
 11992 | Lair:1   | Entered Level 1 of the Lair of Beasts
 11997 | Lair:1   | Noticed a five-headed hydra
 12016 | Lair:1   | Noticed Fannar
 12021 | Lair:1   | Killed a five-headed hydra
 12021 | Lair:1   | Reached skill level 5 in Earth Magic
 12021 | Lair:1   | Reached XP level 12. HP: 31/71 MP: 13/29
 12022 | Lair:1   | Killed Fannar
 12622 | Lair:1   | Lost mutation: Your mind is acute. (Int +2) [potion of mutation]
 12622 | Lair:1   | Lost mutation: You are occasionally teleported next to monsters. [potion of mutation]
 12622 | Lair:1   | Gained mutation: You are frail. (-10% HP) [potion of mutation]
 12622 | Lair:1   | Gained mutation: You are partially covered in rugged brown scales. (AC +1, +3% HP) [potion of mutation]
 12622 | Lair:1   | Gained mutation: You have large cloven feet. [potion of mutation]
 12659 | Lair:1   | Noticed a four-headed hydra
 12668 | Lair:1   | Killed a four-headed hydra
 13264 | Lair:2   | Noticed an eight-headed hydra
 13671 | Lair:2   | Found a staircase to the Swamp.
 14082 | Lair:2   | Killed an eight-headed hydra
 14190 | Lair:2   | Reached skill level 10 in Earth Magic
 14199 | Lair:3   | Noticed Snorg
 14359 | Lair:3   | Found a dark tunnel.
 14547 | Lair:3   | Noticed a seven-headed hydra
 14557 | Lair:3   | Killed a seven-headed hydra
 14557 | Lair:3   | Reached skill level 12 in Spellcasting
 14623 | Lair:3   | Killed Snorg
 15403 | Lair:4   | Found a hole to the Spider Nest.
 15424 | Lair:4   | Reached XP level 13. HP: 70/70 MP: 13/31
 16037 | Lair:4   | Reached ***** piety under Vehumet
 16074 | Lair:4   | Offered knowledge of Bolt of Fire by Vehumet.
 16082 | Lair:4   | Learned a level 6 spell: Bolt of Fire
 16521 | Lair:5   | Noticed Spazmo's ghost (journeyman DEFE)
 16528 | Lair:5   | Killed Spazmo's ghost
 17438 | Lair:6   | Entered Level 6 of the Lair of Beasts
 18036 | Lair:6   | Reached skill level 13 in Spellcasting
 18447 | Lair:6   | Identified Spellweaving, Part Four
 18499 | Lair:6   | Noticed a dire elephant
 18499 | Lair:6   | Noticed a dire elephant
 18503 | Lair:6   | Killed a dire elephant
 18504 | Lair:6   | Killed a dire elephant
 18504 | Lair:6   | Reached skill level 14 in Spellcasting
 18528 | Lair:6   | Noticed a dire elephant
 18539 | Lair:6   | HP: 1/70 [dire elephant (32)]
 18539 | Lair:6   | Mangled by a dire elephant

Vault maps used:
D:1:      dpeg_arrival_pits, minmay_lizard_king
D:2:      minmay_overflow_temple_star_hex
D:3:      uniq_jessica, uniq_sigmund, uniq_robin, uniq_ijyb
D:4:      gammafunk_wand_slinger, grunt_temple_overflow_champion_of_chaos,
          kennysheep_mini_moat, first_ration, uniq_natasha
D:5:      solitary_fountain
D:6:      kennysheep_little_box, uniq_pikel, uniq_eustachio, uniq_menkaure,
          uniq_duvessa
D:7:      minmay_temple_entry_fiery, cheibriados_altar_1
D:9:      dpeg_oklobed_lair
D:10:     serial_shops, nicolae_shop_trees
D:11:     erik_orc_1, serial_shops, shop, shop_statue, grunt_tengu_nest,
          uniq_gastronok
Temple:   nicolae_temple_figure_eight
Lair:1:   st_stairs_7, guppyfry_lair_drakes, serial_bayou_shore_a,
          lemuel_fruit_tree, uniq_fannar
Lair:2:   swamp_mist, st_stairs_4
Lair:3:   enter_volcano_2, uniq_snorg
Lair:4:   spider_nest_entry_web_field
Lair:6:   due_jungle_book, dpeg_slime_entry_corner, special_room

Skill      XL: |  1  2  3  4  5  6  7  8  9 10 11 12 13 |
---------------+----------------------------------------+-----
Stealth        | 3 |  3.0
Dodging        | 3 7 10 | 10.0
Conjurations   | 2 3 4 5 7 9 10 12 | 12.0
Spellcasting   | 4 5 6 7 9 11 12 14 | 14.1
Fire Magic     | 4 5 6 8 9 10 12 | 12.5
Fighting       | 4 6 |  6.6
Earth Magic    | 5 10 | 10.0
Shields        | 2 4 |  4.0

Action                   |  1- 3 |  4- 6 |  7- 9 | 10-12 | 13-15 || total
-------------------------+-------+-------+-------+-------+-------++-------
Melee: Dagger            |    23 |     7 |    69 |     5 |       ||   104
       Falchion          |       |       |       |    28 |       ||    28
       Staff             |       |       |       |       |     8 ||     8
Throw: Stone             |     2 |     1 |       |       |       ||     3
 Cast: Flame Tongue      |    73 |   100 |   212 |   349 |    84 ||   818
       Throw Flame       |     1 |     1 |    50 |   115 |    34 ||   201
       Conjure Flame     |     3 |       |     2 |     5 |       ||    10
       Sticky Flame      |       |       |    21 |    63 |    19 ||   103
       Fireball          |       |       |     5 |    41 |    17 ||    63
       Stone Arrow       |       |       |       |    15 |     9 ||    24
       Bolt of Fire      |       |       |       |       |    31 ||    31
  Use: Potion            |     1 |     4 |     1 |     9 |       ||    15
       Scroll            |       |     4 |     4 |    11 |     3 ||    22
  Eat: Chunk             |     1 |     4 |    12 |    17 |    11 ||    45
       Ration            |       |       |     1 |     4 |     1 ||     6
Armor: Robe              |     8 |    11 |    26 |    52 |     2 ||    99
Dodge: Dodged            |    32 |    26 |    76 |   188 |    17 ||   339
Block: Buckler           |       |       |       |    11 |     2 ||    13
       Rpst.: Falchion   |       |       |       |    13 |       ||    13

Table legend:
 A = Spawn XP
 B = Non-spawn XP
 C = Spawn XP percentage of total XP
 D = Spawn monster count
 E = Non-spawn monster count
 F = Spawn count percentage of total count
 G = Total turns spent on level
                    A         B        C        D         E        F      G
               +---------+---------+-------+---------+---------+-------+---------
         Total |       0 |   63501 |   0.0 |       0 |     485 |   0.0 | 18539
               +---------+---------+-------+---------+---------+-------+---------
           D:1 |       0 |      57 |   0.0 |       0 |      32 |   0.0 |  1029
           D:2 |       0 |     195 |   0.0 |       0 |      17 |   0.0 |   680
           D:3 |       0 |     506 |   0.0 |       0 |      40 |   0.0 |  1384
           D:4 |       0 |     857 |   0.0 |       0 |      32 |   0.0 |  1146
           D:5 |       0 |    1163 |   0.0 |       0 |      20 |   0.0 |   962
           D:6 |       0 |    1988 |   0.0 |       0 |      29 |   0.0 |  1223
           D:7 |       0 |    1282 |   0.0 |       0 |      42 |   0.0 |  1209
           D:8 |       0 |    1209 |   0.0 |       0 |      25 |   0.0 |   767
           D:9 |       0 |    1491 |   0.0 |       0 |      19 |   0.0 |  1031
          D:10 |       0 |    2894 |   0.0 |       0 |      30 |   0.0 |  1099
          D:11 |       0 |    9370 |   0.0 |       0 |      77 |   0.0 |  1619
        Lair:1 |       0 |    4428 |   0.0 |       0 |      11 |   0.0 |   915
        Lair:2 |       0 |    7070 |   0.0 |       0 |      30 |   0.0 |  1133
        Lair:3 |       0 |    4185 |   0.0 |       0 |      12 |   0.0 |   985
        Lair:4 |       0 |    5767 |   0.0 |       0 |      25 |   0.0 |  1256
        Lair:5 |       0 |    6691 |   0.0 |       0 |      18 |   0.0 |   958
        Lair:6 |       0 |   14348 |   0.0 |       0 |      26 |   0.0 |  1101
               +---------+---------+-------+---------+---------+-------+---------
